AoeStats
← Wilder

Arabia

504302148Analyzed
2v2 RM · 28d ago on Sep 4, 2026· 40m 14s· 4 players
Game mode
Random Map
Map size
Medium (4 player)
Population
200
Speed
Normal
Resources
Standard
Victory
Conquest
Starting age
Dark Age
Ending age
Imperial Age
RankedLock teamsTeams togetherTeam positionsShared explorationLock speedFull tech treeHidden civsTurbo modeCheats
Victory
Defeat
🇩🇪 Persians · Germany
1093
+13
🇺🇾 Lithuanians · Uruguay
1079
+14
🇫🇷 Britons · France
1152
-18
🇫🇷 Franks · France
920
-9
Christarios
9:27 Feudal Age
20:40 Castle Age
19:24 Forging
24:50 Iron Casting
26:00 Husbandry
26:46 Bloodlines
28:39 Double-Bit Axe
28:48 Loom
33:01 Wheelbarrow
34:10 Gold Mining
34:47 Bow Saw
37:33 Scale Barding Armor
39:08 Chain Barding Armor
LRNI Michel
6:28 Loom
9:01 Feudal Age
9:53 Double-Bit Axe
17:16 Wheelbarrow
20:57 Castle Age
19:35 Padded Archer Armor
22:19 Bow Saw
22:22 Bloodlines
22:19 Scale Barding Armor
22:26 Forging
25:55 Chain Barding Armor
29:45 Iron Casting
35:56 Fletching
38:49 Redemption
38:54 Town Watch
39:17 Bodkin Arrow
40:39 Devotion
Wilder
10:23 Feudal Age
12:40 Loom
16:49 Castle Age
16:28 Forging
16:28 Scale Barding Armor
20:55 Wheelbarrow
20:55 Husbandry
22:25 Hand Cart
24:10 Scale Mail Armor
25:40 Double-Bit Axe
29:17 Gold Mining
31:27 Iron Casting
31:08 Chain Mail Armor
32:24 Chain Mail Armor
33:28 Ballistics
32:45 Pikeman
33:25 Squires
Guilty
10:01 Feudal Age
10:40 Double-Bit Axe
12:23 Loom
13:24 Horse Collar
18:35 Gold Mining
24:02 Castle Age
23:08 Fletching
23:18 Padded Archer Armor
24:33 Stone Mining
27:51 Gold Shaft Mining
28:25 Crossbowman
32:09 Bodkin Arrow
Connection lost

Rejoining the realm…

Still unreachable

The connection could not be restored.

Session expired

The server has moved on; the page needs a fresh start.